 Dungeon Crawl Stone Soup version 0.32-a0-40-g2adb59ae06 (webtiles) character file.

Game seed: 3388055076203943038

9345 CougarLife the Grappler (level 11, -6/109 HPs)
             Began as a Troll Fighter on Jan 24, 2024.
             Was an Elder of Okawaru.
             Killed from afar by a fire giant (39 damage)
             ... with a bolt of fire
             ... on level 10 of the Dungeon.
             The game lasted 00:16:25 (7591 turns).

CougarLife the Grappler (Troll Fighter)             Turns: 7591, Time: 00:16:25

Health: -6/109     AC: 10    Str: 28    XL:     11   Next: 21%
Magic:  12/14      EV: 11    Int:  6    God:    Okawaru [****..]
Gold:   454        SH: 10    Dex:  9    Spells: 10/10 levels left

rFire   . .          .
                       - Unarmed
rCold   . . .        d - +1 kite shield {rN+}
rNeg    + . .        I - +0 troll leather armour
rPois   .            (helmet restricted)
rElec   .            o - +0 cloak
rCorr   .            (gloves unavailable)
SInv    .            (boots unavailable)
Will    .....        (no amulet)
Stlth   ++           B - +4 ring of protection
HPRegen 1.98/turn    (no ring)
MPRegen 0.14/turn

%: no passive effects
@: heroic, hasted, very quick
A: large, unfitting armour, claws 3, regeneration 1, shaggy fur 1, tough skin 1
a: Renounce Religion, Heroism, Finesse


You were on level 10 of the Dungeon.
You worshipped Okawaru.
Okawaru was greatly pleased with you.
You visited 2 branches of the dungeon, and saw 11 of its levels.
You also visited: Ossuary.

You collected 454 gold pieces.

Inventory:

Hand Weapons
 F - the +10 spear "Zaczulu" {freeze, rPois}
   (You found it on level 7 of the Dungeon)

   rPois:     It protects you from poison
Missiles
 s - 11 poisoned darts (quivered)
 C - a curare-tipped dart
 H - 5 throwing nets
Armour
 d - a +1 kite shield of positive energy (worn)
 o - a +0 cloak (worn)
 I - a +0 troll leather armour (worn)
Jewellery
 B - a +4 ring of protection (left claw)
Wands
 a - a wand of mindburst (2)
 n - a wand of roots (5)
 G - a wand of acid (4)
Scrolls
 b - 3 scrolls of teleportation
 g - 2 scrolls of poison
 i - a scroll of enchant armour
 j - 3 scrolls of fear
 l - 2 scrolls of immolation
 p - 3 scrolls of vulnerability
 q - 3 scrolls of enchant weapon
 v - a scroll of blinking {unknown}
 w - a scroll of butterflies {unknown}
 x - a scroll of torment {unknown}
 y - 4 scrolls of noise
 A - a scroll of brand weapon {unknown}
Potions
 c - 2 potions of might
 e - 2 potions of attraction {unknown}
 f - 4 potions of haste
 h - 4 potions of heal wounds {unknown}
 k - a potion of resistance {unknown}
 m - 3 potions of enlightenment {unknown}
 r - 3 potions of lignification {unknown}
 t - 3 potions of curing
 u - a potion of magic {unknown}
 z - a potion of berserk rage {unknown}
 D - a potion of brilliance {unknown}
 E - 2 potions of degeneration {unknown}


   Skills:
 + Level 7.1(12.1) Fighting
 - Level 6.1(11.1) Dodging
 - Level 3.0(8.0) Shields
 * Level 12.3(17.3) Unarmed Combat
 - Level 6.5 Invocations


You had 10 spell levels left.
You didn't know any spells.
Your spell library contained the following spells:

 Spells                   Type           Power      Damage    Failure   Level
 Apportation              Tloc           0%         N/A       67%         1
 Necrotise                Necr           0%         1d4       67%         1
 Sting                    Conj/Alch      0%         1d3       67%         1
 Blink                    Tloc           0%         N/A       82%         2
 Lesser Beckoning         Tloc           0%         N/A       82%         2
 Momentum Strike          Conj/Tloc      0%         3d8       82%         2
 Inner Flame              Hex/Fire       0%         N/A       96%         3
 Sigil of Binding         Hex            0%         N/A       96%         3
 Dimensional Bullseye     Hex/Tloc       0%         N/A       100%        4
 Irradiate                Conj/Alch      0%         3d11      100%        5
 Ignition                 Fire           0%         3d3       100%        8
 Summon Small Mammal      Summ           Unusable   N/A       N/A         1
 Call Canine Familiar     Summ           Unusable   N/A       N/A         3

Dungeon Overview and Level Annotations

Branches:
Dungeon (10/15)            Temple (1/1) D:7            Lair (0/5) D:10
Ossuary (visited)
    Orc: D:9-12

Altars:
Ashenzari
Cheibriados
Dithmenos
Elyvilon
Fedhas
Gozag
Hepliaklqana
Kikubaaqudgha
Makhleb
Nemelex Xobeh
Okawaru
Qazlal
Ru
Sif Muna
Trog
Uskayaw
Vehumet
Wu Jian
Xom
Yredelemnul
Zin
The Shining One

Shops:
D:3 =   D:5 *   D:6 !   D:7 [   D:9 [


Innate Abilities, Weirdness & Mutations

You are too large for most types of armour.
You have claws for hands.
Your natural rate of healing is unusually fast.
You are covered in fur. (AC +1)
You have tough skin. (AC +1)


Message History

You throw a poisoned dart.
The poisoned dart barely misses the manticore.
The manticore flicks its tail.
The volley of spikes skewers you!
The barbed spikes become lodged in your body.
A cyclops comes into view.
Throw: 12 darts (poison)
Press: ? - help, Q - select action, (/) - cycle Shift-Dir - straight line, f/p - manticore
Aim: a manticore (lightly wounded, poisoned, 67% to hit)
You throw a poisoned dart. The poisoned dart hits the cyclops.
The cyclops is poisoned.
You barely miss the cyclops. The cyclops hits you!
You scratch the cyclops.
The cyclops is lightly wounded.
The cyclops closely misses you.
You claw the cyclops!
The cyclops is moderately wounded.
A fire giant comes into view.
It is wielding a +2 great sword of flaming.
You claw the fire giant!
The fire giant is lightly wounded.
You scratch the fire giant.
The fire giant is lightly wounded.
The manticore looks more healthy.
The fire giant closely misses you.
You scratch the fire giant but do no damage.
The fire giant is lightly wounded.
The fire giant hits you with a +2 great sword of flaming!
The fire giant burns you!
You scratch the fire giant.
The fire giant is lightly wounded.
The fire giant hits you with a +2 great sword of flaming!
The fire giant burns you.
You gain the combat prowess of a mighty hero.
You carefully extract the barbed spikes from your body.
The fire giant hits you with a +2 great sword of flaming!!
The fire giant burns you.
* * * LOW HITPOINT WARNING * * *
You feel yourself speed up.
The fire giant points at you and mumbles some strange words.
The bolt of fire hits you!!!
You die...

...# #..# #...#
#.# #. ...# #..#
#...# #.# #. ...#
#..# #...# #.#
...# #..# #...#
#.# )..# #..#
#...# ...# #..#
#...# ...# #).#
#...# ...####..#
#...##
.........#######@#
.............#HC##
...........##### #
...........# .#
...........#####
#:#
>..............#
####
...............#
#[#
...............#
###.#
...............#
#.#.#


You could see a fire giant and a manticore.

Vanquished Creatures
  Harold (D:9)
  An ogre mage (D:10)
  2 two-headed ogres (D:10)
  A deep elf pyromancer (D:10)
  A gargoyle (D:10)
  4 trolls
  2 hornets
  A vampire (D:9)
  4 yaks (D:10)
  A wraith (D:7)
  Grum (D:9)
  A steam dragon (D:9)
  A vampire mosquito (D:10)
  Menkaure (Ossuary)
  An acid dragon (D:10)
  A water moccasin (D:7)
  2 orc warriors
  3 ice beasts
  2 ogres
  5 wolves
  2 centaurs (D:10)
  A kobold brigand (D:8)
  2 bullfrogs
  A scorpion (D:4)
  8 wights
  6 killer bees (D:10)
  2 electric eels (D:10)
  10 howler monkeys
  A jelly (D:6)
  3 bombardier beetles
  7 hounds
  2 sleepcaps
  7 orc wizards
  2 iguanas
  3 mummies (Ossuary)
  4 adders
  A shadow imp (D:6)
  A white imp (D:7)
  6 ufetubi (D:6)
  2 ribbon worms (D:2)
  3 dart slugs
  13 orcs
  8 ball pythons
  9 endoplasms
  5 giant cockroaches
  6 goblins
  3 hobgoblins
  2 jackals (D:2)
  8 kobolds
  7 quokkas
  3 bats
  4 frilled lizards
  3 gnoll skeletons (Ossuary)
  5 goblin skeletons (Ossuary)
  4 goblin zombies (Ossuary)
  3 hobgoblin skeletons (Ossuary)
  6 hobgoblin zombies (Ossuary)
  A kobold skeleton (Ossuary)
  6 kobold zombies (Ossuary)
  6 orc skeletons (Ossuary)
  5 orc zombies (Ossuary)
  2 rats
  7 rat skeletons (Ossuary)
  4 rat zombies (Ossuary)
230 creatures vanquished.

Notes
Turn   | Place    | Note
-------+----------+-------------------------------------------
     0 | D:1      | CougarLife the Troll Fighter began the quest for the Orb.
     0 | D:1      | Reached XP level 1. HP: 22/22 MP: 0/0
    98 | D:1      | Reached XP level 2. HP: 28/29 MP: 1/1
   516 | D:2      | Reached XP level 3. HP: 35/36 MP: 2/2
  1258 | D:3      | Found a faded altar of an unknown god.
  1537 | D:3      | Found Eleb's Jewellery Shoppe.
  1790 | D:3      | Reached XP level 4. HP: 42/45 MP: 3/3
  2078 | D:4      | Found a sand-covered staircase.
  2097 | Ossuary  | Entered an ossuary
  2139 | Ossuary  | Reached skill level 3 in Unarmed Combat
  2396 | Ossuary  | Noticed Menkaure
  2418 | Ossuary  | Killed Menkaure
  2419 | Ossuary  | Reached skill level 5 in Unarmed Combat
  2419 | Ossuary  | Reached XP level 5. HP: 52/53 MP: 4/4
  2566 | D:4      | Reached XP level 6. HP: 61/61 MP: 5/5
  2934 | D:4      | Reached skill level 6 in Unarmed Combat
  3105 | D:5      | Entered Level 5 of the Dungeon
  3312 | D:5      | Found Utaz's Assorted Antiques.
  3388 | D:5      | Reached XP level 7. HP: 67/67 MP: 6/6
  3478 | D:5      | Found a hazy altar of Hepliaklqana.
  3635 | D:6      | Found Bueq Pom's Distillery.
  3732 | D:6      | Reached skill level 7 in Unarmed Combat
  4110 | D:7      | Reached skill level 8 in Unarmed Combat
  4124 | D:7      | Reached XP level 8. HP: 49/77 MP: 7/7
  4226 | D:7      | Found a blossoming altar of Fedhas.
  4239 | D:7      | Identified the +10 spear "Zaczulu" {freeze, rPois}
  4260 | D:7      | Reached skill level 9 in Unarmed Combat
  4286 | D:7      | Reached skill level 5 in Fighting
  4406 | D:7      | Found a staircase to the Ecumenical Temple.
  4429 | D:7      | Found Hehoubu's Armour Shoppe.
  4465 | Temple   | Entered the Ecumenical Temple
  4485 | Temple   | Became a worshipper of Warmaster Okawaru
  4573 | D:7      | Reached skill level 10 in Unarmed Combat
  4573 | D:7      | Reached XP level 9. HP: 81/88 MP: 8/8
  5565 | D:9      | Noticed Harold
  5588 | D:9      | Killed Harold
  5588 | D:9      | Reached * piety under Okawaru
  5589 | D:9      | Reached skill level 11 in Unarmed Combat
  5770 | D:9      | Noticed a troll
  5770 | D:9      | Found Kaphuiku's Antique Armour Boutique.
  5789 | D:9      | Reached skill level 1 in Invocations
  5808 | D:9      | Killed a troll
  5911 | D:9      | Found a glowing silver altar of Zin.
  5911 | D:9      | Noticed an angel
  6198 | D:9      | Reached XP level 10. HP: 79/100 MP: 12/12
  6458 | D:9      | Noticed Grum
  6465 | D:9      | Reached skill level 5 in Invocations
  6474 | D:9      | Killed Grum
  6605 | D:10     | Entered Level 10 of the Dungeon
  6624 | D:10     | Found a broken altar of Ashenzari.
  6667 | D:10     | Noticed a two-headed ogre
  6675 | D:10     | Killed a two-headed ogre
  6675 | D:10     | Reached ** piety under Okawaru
  6996 | D:10     | Found a staircase to the Lair.
  7029 | D:10     | Reached *** piety under Okawaru
  7041 | D:10     | Reached skill level 5 in Dodging
  7195 | D:10     | Noticed a two-headed ogre
  7212 | D:10     | Killed a two-headed ogre
  7285 | D:10     | Reached **** piety under Okawaru
  7294 | D:10     | Reached XP level 11. HP: 107/107 MP: 14/14
  7509 | D:10     | Noticed a deep elf pyromancer
  7513 | D:10     | Killed a deep elf pyromancer
  7513 | D:10     | Noticed an ogre mage
  7514 | D:10     | Reached skill level 12 in Unarmed Combat
  7518 | D:10     | Killed an ogre mage
  7586 | D:10     | Noticed a fire giant
  7591 | D:10     | Killed from afar by a fire giant

Illustrated notes

Levels and vault maps discovered:
D:1:      spicycebolla_arrival_clurvy, layout_basic, minmay_misc_feat_hallway,
          minmay_misc_feat_more_columns
D:2:      layout_basic, minmay_distorted
D:3:      minmay_inner_zag, layout_basic, serial_shops,
          nicolae_shop_gaudy_bauble, shapermc_ecumenical_altar_gd,
          hangedman_decor_riveting
D:4:      layout_loops_cross, lightli_ossuary_entry_decrepit_ruins,
          hangedman_abyss_or_decor_lesser_grid
D:5:      layout_basic, lemuel_doored_altar, serial_shops, shop
D:6:      layout_basic, serial_shops, shop, kennysheep_generic_room_11
D:7:      layout_rooms, lemuel_crystal_altar,
          minmay_temple_entry_enclosed_plants, serial_shops, shop
D:8:      layout_basic
D:9:      layout_basic, zin_angel, serial_shops, nicolae_shop_scrapyard,
          uniq_harold, uniq_grum
D:10:     minmay_chopped_fan, layout_long_grid, nicolae_ashenzari_panopticon,
          erik_lair_island, kennysheep_small_circle
Temple:   regret_index_temple_mists

Skill      XL: |  1  2  3  4  5  6  7  8  9 10 11 |
---------------+----------------------------------+-----
Shields        | 3 |  3.0
Dodging        | 3 6 |  6.1
Fighting       | 3 4 5 6 7 |  7.1
Unarmed Combat | 5 6 8 10 11 12 | 12.3
Invocations    | 4 6 |  6.5

Action                     |  1- 3 |  4- 6 |  7- 9 | 10-12 || total
---------------------------+-------+-------+-------+-------++-------
  Melee: Unarmed           |   107 |   183 |   243 |   146 ||   679
  Throw: Dart              |       |       |     8 |    13 ||    21
 Invoke: Heroism           |       |       |     2 |     3 ||     5
    Use: Scroll            |       |     8 |     3 |       ||    11
         Potion            |       |       |       |     2 ||     2
   Stab: Sleeping          |     2 |       |       |       ||     2
 Armour: Robe              |    47 |    59 |   128 |    52 ||   286
         Troll leather arm |       |       |       |    96 ||    96
  Dodge: Dodged            |    51 |    51 |    59 |    84 ||   245
  Block: Kite shield       |    46 |    46 |    90 |    76 ||   258

Table legend: (Time is in decaauts)
 A = Elapsed time spent in this place.
 B = Non-inter-level travel time spent in this place.
 C = Inter-level travel time spent in this place.
 D = Time resting spent in this place.
 E = Time spent auto-exploring this place.
 F = Levels seen in this place.
 G = Mean time per level.
                   A        B        C        D        E       F      G
               +--------+--------+--------+--------+--------+-----+--------+
         Total |   7558 |   7133 |    425 |    381 |   4619 |  12 |  629.8 |
       Dungeon |   7054 |   6649 |    405 |    375 |   4619 |  10 |  705.4 |
        Temple |     40 |     21 |     19 |      0 |      0 |   1 |   40.0 |
       Ossuary |    463 |    463 |      0 |      6 |      0 |   1 |  463.0 |
               +--------+--------+--------+--------+--------+-----+--------+

Top non-repeatable levels by time:
     D:9: 1018 daAuts
    D:10: 952 daAuts
     D:3: 853 daAuts
     D:8: 846 daAuts
     D:2: 708 daAuts
     D:7: 589 daAuts
     D:4: 579 daAuts
     D:6: 565 daAuts
     D:1: 513 daAuts
 Ossuary: 463 daAuts
     D:5: 427 daAuts
  Temple: 40 daAuts
